AoeStats
← Dengalenga

Arena

509478019Analyzed
4v4 RM · 7d ago on Sep 26, 2026· 61m 22s· 8 players
Game mode
Random Map
Map size
Large (8 player)
Population
200
Speed
Normal
Resources
Standard
Victory
Conquest
Starting age
Dark Age
Ending age
Imperial Age
RankedLock teamsTeams togetherTeam positionsShared explorationLock speedFull tech treeHidden civsTurbo modeCheats
Victory
Defeat
🇵🇹 Khmer · Portugal
1359
+14
1279
+17
🇲🇿 Bohemians · Mozambique
1272
+17
🇲🇿 Italians · Mozambique
1215
+20
🇺🇸 Burgundians · United States
1345
-19
🇩🇪 Magyars · Germany
1341
-19
1279
-16
🇲🇦 Bohemians · Morocco
1237
-14
Der unglaubliche Horst™
10:14 Feudal Age
14:19 Castle Age
12:50 Double-Bit Axe
15:28 Bow Saw
19:53 Loom
19:50 Horse Collar
21:44 Heavy Plow
21:35 Gold Mining
27:57 Imperial Age
25:23 Man-at-Arms
26:05 Scale Mail Armor
26:15 Forging
25:54 Arson
26:10 Squires
26:11 Long Swordsman
27:34 Chain Mail Armor
28:57 Iron Casting
27:59 Capped Ram
28:05 Two-Handed Swordsman
29:54 Plate Mail Armor
29:48 Champion
32:22 Blast Furnace
33:05 Siege Ram
37:25 Conscription
44:54 Fortified Wall
Dengalenga
7:53 Loom
9:45 Feudal Age
11:14 Loom
14:19 Castle Age
13:46 Double-Bit Axe
18:28 Fletching
29:28 Imperial Age
27:48 Town Watch
28:38 Wheelbarrow
28:46 Pikeman
29:26 Squires
29:14 Arson
31:42 Chemistry
31:03 Ballistics
31:36 Conscription
31:54 Scale Mail Armor
31:49 Halberdier
32:43 Forging
32:16 Horse Collar
34:08 Chain Mail Armor
34:29 Iron Casting
35:32 Chemistry
40:13 Plate Mail Armor
40:19 Iron Casting
42:27 Iron Casting
42:55 Heavy Plow
43:10 Bow Saw
44:52 Two-Man Saw
50:05 Blast Furnace
49:00 Bodkin Arrow
49:06 Padded Archer Armor
49:31 Elite Skirmisher
54:29 Bracer
54:44 Leather Archer Armor
58:11 Ballistics
57:56 Siege Engineers
60:12 Ring Archer Armor
Ociru3
10:54 Feudal Age
9:10 Loom
15:21 Castle Age
14:42 Double-Bit Axe
14:42 Horse Collar
15:00 Stone Mining
18:39 Fortified Wall
22:55 Fletching
23:06 Padded Archer Armor
26:32 Bodkin Arrow
30:13 Imperial Age
27:58 Bow Saw
28:14 Leather Archer Armor
28:12 Gold Mining
28:23 Heavy Plow
30:55 Ballistics
32:03 Chemistry
32:08 Elite Genoese Crossbowman
35:46 Wheelbarrow
35:59 Bracer
38:08 Ring Archer Armor
41:10 Scale Barding Armor
41:15 Forging
41:59 Hand Cart
43:23 Chain Barding Armor
43:14 Bloodlines
43:04 Husbandry
42:26 Light Cavalry
45:22 Plate Barding Armor
46:30 Iron Casting
50:30 Blast Furnace
50:00 Hussar
55:04 Conscription
Ora Viva
11:22 Feudal Age
14:35 Castle Age
12:32 Double-Bit Axe
12:29 Horse Collar
15:39 Bow Saw
21:27 Wheelbarrow
23:20 Hand Cart
27:47 Imperial Age
25:35 Gold Mining
25:48 Heavy Plow
25:39 Stone Mining
25:56 Loom
26:41 Forging
26:31 Scale Mail Armor
27:40 Gold Shaft Mining
28:03 Iron Casting
27:34 Scale Barding Armor
28:48 Bloodlines
28:38 Husbandry
29:48 Blast Furnace
28:47 Elite Battle Elephant
31:17 Chain Barding Armor
31:43 Conscription
31:23 Tusk Swords
32:41 Chemistry
31:47 Siege Engineers
32:53 Plate Barding Armor
35:40 Ballistics
34:49 Light Cavalry
34:49 Cavalier
36:37 Double Crossbow
37:32 Hoardings
37:16 Elite Ballista Elephant
38:07 Hussar
39:29 Coinage
39:27 Pikeman
40:08 Scale Mail Armor
40:41 Masonry
40:22 Halberdier
41:18 Chain Mail Armor
48:27 Fletching
49:09 Architecture
48:34 Murder Holes
57:30 Bodkin Arrow
59:44 Architecture
60:28 Arson
CORP_Catracho
1:13 Loom
3:48 Double-Bit Axe
10:58 Feudal Age
9:43 Horse Collar
14:56 Castle Age
13:09 Heavy Plow
13:45 Bow Saw
17:30 Wheelbarrow
17:53 Loom
26:42 Imperial Age
25:16 Hand Cart
25:12 Scale Barding Armor
25:10 Gold Mining
25:12 Stone Mining
25:30 Pikeman
26:11 Squires
26:28 Forging
26:04 Cavalier
26:44 Husbandry
27:06 Chain Barding Armor
27:41 Paladin
29:30 Scale Mail Armor
29:04 Halberdier
30:22 Conscription
30:20 Chain Mail Armor
30:37 Masonry
32:17 Plate Mail Armor
32:23 Iron Casting
35:26 Two-Man Saw
36:14 Plate Barding Armor
36:40 Blast Furnace
38:16 Crop Rotation
38:41 Fletching
39:24 Architecture
39:54 Chemistry
42:15 Burgundian Vineyards
42:17 Light Cavalry
43:58 Bodkin Arrow
45:36 Onager
47:59 Burgundian Vineyards
48:29 Fortified Wall
50:45 Treadmill Crane
53:45 Capped Ram
54:34 Hussar
No-One-Knows-Me
9:57 Feudal Age
14:38 Castle Age
13:25 Double-Bit Axe
16:05 Wheelbarrow
18:55 Horse Collar
24:56 Bow Saw
24:55 Loom
24:59 Town Watch
25:21 Heavy Plow
26:38 Hand Cart
30:30 Imperial Age
29:51 Wagenburg Tactics
32:21 Pikeman
33:02 Squires
35:26 Halberdier
38:50 Scale Mail Armor
39:00 Forging
[Yodas] Ivaylo AOE CL
10:30 Feudal Age
11:56 Double-Bit Axe
14:56 Castle Age
13:29 Horse Collar
14:24 Fletching
15:25 Stone Mining
16:11 Bodkin Arrow
16:54 Wheelbarrow
16:08 Loom
17:49 Stone Shaft Mining
18:34 Bow Saw
21:26 Town Watch
24:15 Scale Barding Armor
32:50 Imperial Age
32:56 Heavy Scorpion
33:54 Siege Engineers
34:58 Forging
35:54 Chemistry
34:55 Onager
35:04 Light Cavalry
43:25 Siege Onager
45:14 Masonry
45:18 Bracer
46:18 Hand Cart
46:42 Bloodlines
46:32 Husbandry
48:56 Conscription
49:06 Chain Barding Armor
48:35 Hussar
52:46 Plate Barding Armor
52:05 Capped Ram
54:11 Pikeman
55:04 Halberdier
57:08 Scale Mail Armor
57:28 Arson
57:44 Squires
Nahiru
11:27 Feudal Age
12:41 Double-Bit Axe
12:41 Horse Collar
15:35 Castle Age
16:42 Bow Saw
16:33 Heavy Plow
20:30 Wheelbarrow
19:43 Loom
22:14 Hand Cart
22:12 Gold Mining
23:29 Stone Mining
24:29 Town Watch
26:59 Gold Shaft Mining
26:31 Treadmill Crane
29:29 Imperial Age
27:03 Fletching
27:13 Padded Archer Armor
28:06 Thumb Ring
28:12 Bodkin Arrow
28:33 Leather Archer Armor
28:41 Ballistics
28:33 Masonry
29:04 Coinage
31:03 Parthian Tactics
31:59 Chemistry
31:32 Ring Archer Armor
31:39 Bracer
32:38 Banking
32:53 Heavy Cavalry Archer
35:34 Scale Barding Armor
36:15 Recurve Bow
39:18 Bloodlines
39:09 Husbandry
38:29 Light Cavalry
39:36 Chain Barding Armor
40:46 Hussar
42:05 Plate Barding Armor
47:08 Crop Rotation
Connection lost

Rejoining the realm…

Still unreachable

The connection could not be restored.

Session expired

The server has moved on; the page needs a fresh start.